 Dungeon Crawl Stone Soup version 0.32-a0-953-g508020473e (webtiles) character file.

Game seed: 3511531819921519168

42 kae the Changeling (level 3, -2/26 HPs)
             Began as a Demonspawn Shapeshifter on Apr 16, 2024.
             Slain by an iguana (12 damage)
             ... on level 2 of the Dungeon.
             The game lasted 00:00:56 (966 turns).

kae the Changeling (Demonspawn Shapeshifter)         Turns: 966, Time: 00:00:56

Health: -2/26      AC:  2    Str: 14    XL:     3   Next: 33%
Magic:  3/3        EV: 11    Int: 10    God:
Gold:   18         SH:  0    Dex: 14    Spells: 2/2 levels left

rFire   . .          .
                       - Unarmed
rCold   . . .        (no shield)
rNeg    . . .        a - +0 animal skin
rPois   .            (helmet currently unavailable)
rElec   .            (cloak currently unavailable)
rCorr   .            (gloves currently unavailable)
SInv    .            (boots currently unavailable)
Will    .....        (no amulet)
Stlth   +            (no ring)
HPRegen 0.24/turn    (no ring)
MPRegen 0.08/turn

%: no passive effects
@: beast-form
A: beast (slay +2), antennae 2
a: Begin Untransformation


You were on level 2 of the Dungeon.
You were a hulking beast.
You visited 1 branch of the dungeon, and saw 2 of its levels.

You collected 18 gold pieces.


Innate Abilities, Weirdness & Mutations

You are a hulking beast.
Your limbs bulge with bestial killing power. (Slay +2)
You have a pair of antennae on your head.


   Skills:
 - Level 1.0 Fighting
 - Level 1.7 Dodging
 + Level 3.2 Unarmed Combat
 * Level 3.5 Shapeshifting


You had 2 spell levels left.
You didn't know any spells.
Your spell library contained the following spells:

 Spells                   Type           Power      Damage    Failure   Level
 Inner Flame              Hex/Fire       0%         N/A       75%         3
 Irradiate                Conj/Alch      0%         3d11      100%        5
 Ignition                 Fire           0%         3d3       100%        8

Inventory:

Missiles
 e - 19 stones (quivered)
 g - 4 poisoned darts
Armour
 a - a +0 animal skin (worn)
Talismans
 c - a beast talisman (active)
 d - a flux talisman
Scrolls
 h - a scroll of silence {unknown}
Potions
 b - 2 potions of lignification {!q}
 f - 2 potions of curing {unknown}

Dungeon Overview and Level Annotations

Branches:
Dungeon (2/15) Zot: 11038

Altars:

Shops:
D:1

? ......#
....... .#
....... #..#
....####...#
{ ####
#####....# {
...##
......####
,..)...
#####....###
###.... .
####...##
##.lr# ..
###..#{#.h#
...
##.###.## {
.... #..#..#
.....
##.#.##
.##### #.#.#
#...# ##.##
#.# #.#


You could see an iguana and a quokka.


Message History

e - 19 stones (gained 1)
Things that are here:
a +0 short sword; a kobold corpse You feel your willpower return.
g - 4 poisoned darts 😎 HP[+2]
Your hp is fully restored (26).
No target in view!
No target in view!
Done exploring.
No target in view!
No target in view!
Done exploring.
Done exploring.
No target in view!
No target in view!
Done exploring.
There is a stone staircase leading down here.
You climb downwards.
The ball python hisses angrily.
There is a stone staircase leading up here.
A ball python is nearby!
A ball python is nearby!
The ball python bites you but does no damage.
The ball python grabs you. The ball python constricts you.
A ball python is nearby! 😕 HP[-2]
You take 2 damage, and now have 24/26 hp.
You hit the ball python.
The ball python bites you but does no damage.
The ball python constricts you.
You hit the ball python.
You kill the ball python! 😕 HP[-1]
You take 1 damage, and now have 23/26 hp.
No target in view!
No target in view!
Found a stone staircase leading down.
You see here a ball python corpse. 😎 HP[+3]
Your hp is fully restored (26).
No target in view!
No target in view!
b - 2 potions of lignification {!q} (gained 1)
Found a stone staircase leading up.
Found a stone staircase leading down.
Unknown command.
An adder comes into view.
The adder hisses angrily.
You see here a scroll labelled TIPHAOGOHE.
An adder is nearby!
An adder is nearby!
You hit the adder. The adder bites you but does no damage.
You hit the adder but do no damage. The adder closely misses you.
An adder is nearby!
Unknown command.
You hit the adder. The adder misses you. The adder closely misses you.
You punch the adder!
You kill the adder!
h - a scroll labelled TIPHAOGOHE No target in view!
No target in view!
You now have 18 gold pieces (gained 7).
f - 2 emerald potions (gained 1)
You sense a monster nearby.
No target in view!
No target in view!
You sense a monster nearby.
A goblin comes into view. It is wielding a +0 dagger.
A goblin is nearby!
The goblin shouts!
You hear an angry hiss. x2
You barely miss the goblin. The goblin hits you with a +0 dagger.
You miss the goblin.
The goblin hits you with a +0 dagger. 😕 HP[-4]
You take 4 damage, and now have 22/26 hp.
You barely miss the goblin.
An iguana comes into view.
The goblin barely misses you.
You hit the goblin.
You kill the goblin!
A quokka comes into view.
You hit the iguana but do no damage. The iguana misses you.
You hit the iguana. The iguana closely misses you. 😕 HP[+1]
You hit the iguana. The iguana barely misses you.
You hit the iguana. The iguana bites you!
Ouch! That really hurt!
* * * LOW HITPOINT WARNING * * *
😨 HP[-13]
You take 13 damage, and now have 10/26 hp.
MASSIVE DAMAGE!! (PAUSE)
You barely miss the iguana. The iguana bites you.
* * * LOW HITPOINT WARNING * * *
😨 HP[-1]
You take 1 damage, and now have 9/26 hp.
You barely miss the iguana. The iguana closely misses you. 😨 HP[+1]
You barely miss the iguana. The iguana bites you!
You die...

Skill      XL: |  1  2 |
---------------+-------+-----
Shapeshifting  | 3 |  3.5
Unarmed Combat | 3 |  3.2
Fighting       | |  1.0
Dodging        | |  1.7

Action                     || total
---------------------------++-------
  Melee: Unarmed           ||    95
         Punch             ||     4
    Use: Scroll            ||     2
 Armour: Animal skin       ||    61
  Dodge: Dodged            ||    50

Levels and vault maps discovered:
D:1:      eino_arrival_tree_alley, layout_loops_ring,
          hellmonk_ecumenical_altar_crossroads, serial_shops,
          nicolae_shop_just_a_little_nook
D:2:      minmay_general_purpose_star, layout_rooms, dreamdust_mushroom_princess

Notes
Turn   | Place    | Note
-------+----------+-------------------------------------------
     0 | D:1      | kae the Demonspawn Shapeshifter began the quest for the
                  | Orb.
     0 | D:1      | Reached XP level 1. HP: 15/15 MP: 1/1
     0 | D:1      | magus.rc [v1.11.3]
    80 | D:1      | Reached skill level 3 in Shapeshifting
    81 | D:1      | You feel monstrous as your demonic heritage exerts itself.
    81 | D:1      | Discovered your monstrous ancestry.
    81 | D:1      | Gained mutation: You have a pair of small antennae on your
                  | head. [demonic ancestry]
    81 | D:1      | Reached XP level 2. HP: 9/21 MP: 2/2
   153 | D:1      | You pick up a book of Spontaneous Combustion and begin
                  | reading...
   153 | D:1      | You add the spells Inner Flame, Irradiate and Ignition to
                  | your library.
   299 | D:1      | Found a faded altar of an unknown god.
   433 | D:1      | Reached skill level 3 in Unarmed Combat
   505 | D:1      | Found Toeqos's Magic Scroll Emporium.
   820 | D:1      | Gained mutation: You have a pair of antennae on your head.
                  | [demonic ancestry]
   820 | D:1      | Reached XP level 3. HP: 25/26 MP: 3/3
   966 | D:2      | Slain by an iguana

Vanquished Creatures
  An adder (D:2)
  6 ball pythons
  4 endoplasms (D:1)
  2 goblins
  2 hobgoblins (D:1)
  2 jackals (D:1)
  2 kobolds (D:1)
  4 quokkas (D:1)
  4 bats (D:1)
  A frilled lizard (D:1)
  A rat (D:1)
29 creatures vanquished.

Table legend:
 A = Non-vault XP
 B = Vault XP
 C = Vault XP percentage of total XP
 D = Non-vault monster count
 E = Vault monster count
 F = Vault count percentage of total count
                 A         B        C        D         E       F
            +---------+---------+-------+---------+---------+-------
      Total |      60 |       0 |   0.0 |      29 |       0 |   0.0
            +---------+---------+-------+---------+---------+-------
        D:1 |      44 |       0 |   0.0 |      26 |       0 |   0.0
        D:2 |      16 |       0 |   0.0 |       3 |       0 |   0.0
            +---------+---------+-------+---------+---------+-------

Skill      XL: |  1  2 |
---------------+-------+-----
Shapeshifting  | 3 |  3.5
Unarmed Combat | 3 |  3.2
Fighting       | |  1.0
Dodging        | |  1.7

Action                     || total
---------------------------++-------
  Melee: Unarmed           ||    95
         Punch             ||     4
    Use: Scroll            ||     2
 Armour: Animal skin       ||    61
  Dodge: Dodged            ||    50

Illustrated notes

Table legend:
 A = Kills in this place as a percentage of kills in the entire game.
 B = Kills by you in this place as a percentage of kills by you in the entire game.
 C = Kills by friends in this place as a percentage of kills by friends in the entire game.
 D = Other kills in this place as a percentage of other kills in the entire game.
 E = Experience gained in this place as a percentage of experience gained in the entire game.
 F = Experience gained in this place divided by the number of levels of this place that you have seen.
                   A       B       C       D       E      F
               +-------+-------+-------+-------+-------+----------------------
         Total | 100.0 | 100.0 |   N/A |   N/A | 100.0 |  30.0
       Dungeon | 100.0 | 100.0 |   N/A |   N/A | 100.0 |  30.0
               +-------+-------+-------+-------+-------+----------------------

Table legend: (Time is in decaauts)
 A = Elapsed time spent in this place.
 B = Non-inter-level travel time spent in this place.
 C = Inter-level travel time spent in this place.
 D = Time resting spent in this place.
 E = Time spent auto-exploring this place.
 F = Levels seen in this place.
 G = Mean time per level.
                   A        B        C        D        E       F      G
               +--------+--------+--------+--------+--------+-----+--------+
         Total |    960 |    944 |     16 |      0 |    756 |   2 |  480.0 |
       Dungeon |    960 |    944 |     16 |      0 |    756 |   2 |  480.0 |
               +--------+--------+--------+--------+--------+-----+--------+

Top non-repeatable levels by time:
     D:1: 883 daAuts
     D:2: 76 daAuts
